 Dungeon Crawl Stone Soup version 0.20.1-1-g8b1a95d (webtiles) character file.

114 Kingsmith the Caller (level 4, -5/25 HPs)
             Began as a Deep Elf Summoner on Nov 23, 2017.
             Slain by Crazy Yiuf
             ... wielding a +2 quarterstaff of chaos
              (15 damage)
             ... on level 3 of the Dungeon.
             The game lasted 00:15:37 (2726 turns).

Kingsmith the Caller (Deep Elf Summoner)            Turns: 2726, Time: 00:15:38

Health: -5/25      AC:  3    Str:  6    XL:     4   Next: 66%
Magic:  10/12      EV: 13    Int: 20    God:
Gold:   88         SH:  0    Dex: 15    Spells: 5/11 levels left

rFire    . . .     SeeInvis .   p - +1 dagger (venom)
rCold    . . .     Gourm    .   (no shield)
rNeg     . . .     Faith    .   n - +0 robe (curse)
rPois    .         Spirit   .   (no helmet)
rElec    .         Reflect  .   (no cloak)
rCorr    .         Harm     .   d - +0 pair of gloves
MR       .....                  (no boots)
Stlth    ++........             (no amulet)
Regen    0.1/turn               (no ring)
MPRegen  0.2/turn               (no ring)

@: no status effects
A: no striking features
a: no special abilities


You were on level 3 of the Dungeon.
You were not hungry.

You visited 1 branch of the dungeon, and saw 3 of its levels.

You collected 88 gold pieces.

Inventory:

Hand Weapons
 a - a +1 short sword
 p - a +1 dagger of venom (weapon)
Missiles
 e - 8 needles of sleeping
 i - 19 arrows
Armour
 d - a +0 pair of gloves (worn)
 f - a +0 leather armour
 n - a cursed +0 robe (worn)
 o - a +0 ring mail
Scrolls
 j - a scroll of remove curse
 q - 2 scrolls of identify
Potions
 g - a potion of might {unknown}
 h - a potion of heal wounds {unknown}
Books
 b - a book of Callings

   Spells                             Type                      Level
   a - Summon Small Mammal            Summoning                    1
   b - Call Imp                       Summoning                    2
   c - Call Canine Familiar           Summoning                    3
   d - Summon Guardian Golem          Hexes/Summoning              3
   e - Summon Lightning Spire         Summoning/Air                4
   f - Summon Ice Beast               Ice/Summoning                4
Comestibles
 c - 3 bread rations
 k - 3 fruits
 m - 2 royal jellies
 r - a meat ration


   Skills:
 + Level 1.3 Fighting
 - Level 2.4 Dodging
 - Level 2.4 Stealth
 + Level 4.1 Spellcasting
 * Level 5.8 Summonings


You had 5 spell levels left.
You knew the following spells:

 Your Spells              Type           Power        Failure   Level  Hunger
a - Summon Small Mammal   Summ           ####         1%          1    None
b - Call Imp              Summ           ####....     1%          2    #......
c - Call Canine Familiar  Summ           ####....     3%          3    ###....


Dungeon Overview and Level Annotations

Branches:
Dungeon (3/15)

Altars:

Annotations:
D:3 Crazy Yiuf, Robin


Message History

You hit Crazy Yiuf.
Crazy Yiuf is moderately wounded.
Your hound bites Crazy Yiuf.
Crazy Yiuf misses you.
Your hound barely misses Crazy Yiuf.
You barely miss Crazy Yiuf.
Crazy Yiuf is heavily wounded.
Crazy Yiuf hits you with a quarterstaff of chaos.
Crazy Yiuf draws strength from your wounds!
Your hound closely misses Crazy Yiuf.
Crazy Yiuf closely misses you.
You hit Crazy Yiuf.
Crazy Yiuf is poisoned.
Crazy Yiuf is heavily wounded.
Your hound bites Crazy Yiuf but does no damage.
Crazy Yiuf hits you with a quarterstaff of chaos.
Space bends around you.
Your hound closely misses Crazy Yiuf.
You hit Crazy Yiuf.
Crazy Yiuf looks as sick as possible!
Crazy Yiuf is heavily wounded.
Crazy Yiuf hits you with a quarterstaff of chaos.
You are electrocuted!
Ouch! That really hurt!
You die...

...# .#.# .#.# .# # .#.##########
+#.##)......# ##### ♣♣####
...##.####### #)..#♣♣ ♣♣....##
...##.# #gh.'.♣♣♣♣PP....###
...##.# ### #.@.#♣..♣.P........
...##.#####.# #####♣♣♣.♣.P..#####
...##.>.....# ♣♣♣♣♣##.....
...##..####.# ###### .......#
#.###############
...###.####.##.#.....#.##.#######
...###..................†........
##..........#####.##.#.##<#######
###########.......##.#.####......


You could see Crazy Yiuf (berserk) and a friendly hound.

Vanquished Creatures
  Natasha (D:2)
  An adder (D:3)
  2 dart slugs (D:2)
  2 leopard geckos
  An orc (D:3)
  2 giant cockroaches
  A goblin (D:2)
  3 hobgoblins
  3 jackals (D:3)
  A quokka (D:2)
  4 bats
  3 frilled lizards
  3 rats
27 creatures vanquished.

Vanquished Creatures (collateral kills)
  Natasha (twice) (D:2)
  2 adders (D:2)
  3 worms
  2 orcs (D:3)
  A bat (D:2)
  A giant cockroach (D:2)
  8 goblins
  4 hobgoblins
  2 jackals (D:2)
  A quokka (D:3)
  A ball python (D:2)
  A frilled lizard (D:2)
  5 kobolds
  A rat (D:1)
34 creatures vanquished.

Grand Total: 61 creatures vanquished

Notes
Turn   | Place    | Note
-------+----------+-------------------------------------------
     0 | D:1      | Kingsmith the Deep Elf Summoner began the quest for the Orb.
     0 | D:1      | Reached XP level 1. HP: 10/10 MP: 6/6
   624 | D:1      | Reached XP level 2. HP: 16/16 MP: 8/8
   632 | D:1      | Learned a level 2 spell: Call Imp
  1176 | D:2      | Reached skill level 5 in Summonings
  1215 | D:2      | Noticed Natasha
  1232 | D:2      | Killed Natasha
  1232 | D:2      | Reached skill level 1 in Fighting
  1232 | D:2      | Reached XP level 3. HP: 11/20 MP: 6/10
  1418 | D:2      | Noticed Natasha
  1429 | D:2      | Killed Natasha
  1544 | D:2      | Noticed Natasha
  1556 | D:2      | Killed Natasha
  1556 | D:2      | Reached XP level 4. HP: 17/25 MP: 7/11
  1567 | D:2      | Learned a level 3 spell: Call Canine Familiar
  2063 | D:3      | Noticed Robin
  2666 | D:3      | Found a runed door.
  2716 | D:3      | Noticed Crazy Yiuf
  2726 | D:3      | Slain by Crazy Yiuf

Skill      XL: |  1  2  3  4 |
---------------+-------------+-----
Summonings     | 5 |  5.8
Fighting       | 1 |  1.3
Spellcasting   | 4 |  4.1
Dodging        | |  2.4
Stealth        | |  2.4

Action                   |  1- 3 |  4- 6 || total
-------------------------+-------+-------++-------
Melee: Dagger            |    57 |    41 ||    98
       Short sword       |    13 |    24 ||    37
 Cast: Summon Small Mamm |    10 |       ||    10
       Call Imp          |    14 |     2 ||    16
       Call Canine Famil |       |    10 ||    10
  Use: Scroll            |       |     4 ||     4
 Stab: Sleeping          |     5 |     1 ||     6
       Distracted        |       |     1 ||     1
  Eat: Chunk             |     2 |     5 ||     7
Armor: Leather armour    |    19 |       ||    19
       Robe              |    11 |    19 ||    30
Dodge: Dodged            |    66 |    49 ||   115
